 Dungeon Crawl Stone Soup version 0.22.0 (webtiles) character file.

259 MTVSty1e the Chopper (level 6, -6/37 HPs)
             Began as a Gargoyle Monk on Aug 10, 2018.
             Mangled by an ogre
             ... wielding a +0 giant club
              (22 damage)
             ... on level 4 of the Dungeon.
             The game lasted 00:04:23 (2721 turns).

MTVSty1e the Chopper (Gargoyle Monk)                Turns: 2721, Time: 00:04:24

Health: -6/37      AC: 11    Str: 17    XL:     6   Next: 17%
Magic:  6/6        EV:  9    Int: 10    God:
Gold:   167        SH:  3    Dex: 12    Spells: 5/5 levels left

rFire    . . .     SeeInvis .   a - +0 hand axe
rCold    . . .     Gourm    .   h - +0 buckler
rNeg     + . .     Faith    .   m - +0 scale mail
rPois    ∞         Spirit   .   (no helmet)
rElec    +         Reflect  .   (no cloak)
rCorr    .         Harm     .   (no gloves)
MR       .....                  k - +0 pair of boots
Stlth    +.........             l - amulet of the acrobat
HPRegen  0.12/turn              w - ring of flight
MPRegen  0.10/turn              (no ring)

@: no status effects
A: negative energy resistance 1, electricity resistance, unbreathing,
petrification resistance, rot immunity, AC +4
a: Evoke Flight


You were on level 4 of the Dungeon.
You were not hungry.

You visited 1 branch of the dungeon, and saw 4 of its levels.

You collected 167 gold pieces.

Inventory:

Hand Weapons
 a - a +0 hand axe (weapon)
Armour
 h - a +0 buckler (worn)
 j - a +0 leather armour
 k - a +0 pair of boots (worn)
 m - a +0 scale mail (worn)
Jewellery
 l - an amulet of the acrobat (around neck)
 p - an uncursed amulet of rage
 r - an uncursed amulet of magic regeneration {unknown}
 w - a ring of flight (left hand)
 D - an uncursed ring of protection from magic {unknown}
Wands
 A - a wand of flame (16)
Scrolls
 b - a scroll of immolation {unknown}
 i - 2 scrolls of amnesia {unknown}
 n - a scroll of random uselessness {unknown}
 t - a scroll of enchant weapon {unknown}
 u - 2 scrolls of teleportation {unknown}
 v - a scroll of noise {unknown}
 x - a scroll of identify
 y - a scroll of fog {unknown}
 z - a scroll of enchant armour {unknown}
 C - a scroll of remove curse {unknown}
Potions
 d - 3 potions of curing
 e - a potion of lignification {unknown}
 f - a potion of agility {unknown}
 g - 3 potions of cancellation {unknown}
 o - 3 potions of invisibility {unknown}
 q - a potion of heal wounds {unknown}
 s - a potion of brilliance {unknown}
 B - a potion of mutation {unknown}
Comestibles
 c - 12 rations


   Skills:
 - Level 3.2 Fighting
 + Level 6.1 Axes
 - Level 2.4 Dodging
 - Level 2.1 Stealth


You had 5 spell levels left.
You didn't know any spells.
Your spell library was empty.

Dungeon Overview and Level Annotations

Branches:
Dungeon (4/15)
 Temple: D:4-7

Altars:
Elyvilon
Makhleb
Nemelex Xobeh
Uskayaw
Wu Jian


Innate Abilities, Weirdness & Mutations

You are resistant to torment.
Your stone body is resilient. (AC +4)
You are immune to poison.
You resist negative energy. (rN+)
You are resistant to electric shocks. (rElec)
You can survive without breathing.
You are immune to petrification.
You are immune to rotting.


Message History

g - 3 metallic pink potions (gained 2)
An ogre comes into view. It is wielding a giant club.
An ogre is nearby!
You hit the ogre.
The ogre is lightly wounded.
The ogre hits you with a giant club!!
Ouch! That really hurt!
* * * LOW HITPOINT WARNING * * *
You are too injured to fight recklessly!
You are too injured to fight recklessly!
You are too injured to fight recklessly!
You are too injured to fight recklessly!
You are too injured to fight recklessly!
You are too injured to fight recklessly!
You are too injured to fight recklessly!
You are too injured to fight recklessly!
It was a potion of curing.
You feel better. The ogre hits you with a giant club!!
Ouch! That really hurt!
You die...

### ##.##. # #....
#.####### ##.####
#..O....#### ......#
#@......# ......########
#.##.##.# .###..)......#
#.# # .#
#†........###.##.##.#
.###.........##.........
...........<.##.#######.
.............##.#
...#.........##.#
.............##.#


You could see an ogre.

Vanquished Creatures
  A bullfrog (D:4)
  3 worker ants
  3 adders
  3 oozes
  2 worms
  2 dart slugs
  2 leopard geckos (D:1)
  An orc (D:3)
  2 ball pythons (D:1)
  6 bats
  8 giant cockroaches
  4 goblins
  5 hobgoblins
  11 jackals
  8 kobolds
  A quokka (D:2)
  5 frilled lizards
  8 rats
75 creatures vanquished.

Notes
Turn   | Place    | Note
-------+----------+-------------------------------------------
     0 | D:1      | MTVSty1e the Gargoyle Monk began the quest for the Orb.
     0 | D:1      | Reached XP level 1. HP: 14/14 MP: 1/1
    44 | D:1      | Reached skill level 3 in Axes
    44 | D:1      | Reached XP level 2. HP: 19/19 MP: 2/2
   248 | D:1      | Reached XP level 3. HP: 21/23 MP: 3/3
   398 | D:1      | Reached skill level 4 in Axes
  1009 | D:2      | Reached XP level 4. HP: 23/28 MP: 4/4
  1201 | D:2      | Found a white marble altar of Elyvilon.
  1318 | D:2      | Found a sparkling altar of Nemelex Xobeh.
  1660 | D:3      | Reached skill level 5 in Axes
  1660 | D:3      | Reached XP level 5. HP: 13/32 MP: 5/5
  2019 | D:3      | Found a hide-covered altar of Uskayaw.
  2060 | D:3      | Found a burning altar of Makhleb.
  2595 | D:4      | Found an ornate altar of the Wu Jian Council.
  2651 | D:4      | Reached skill level 6 in Axes
  2651 | D:4      | Reached XP level 6. HP: 30/37 MP: 6/6
  2721 | D:4      | Mangled by an ogre

Skill      XL: |  1  2  3  4  5 |
---------------+----------------+-----
Axes           | 3 4 5 6 |  6.1
Fighting       | |  3.2
Dodging        | |  2.4
Stealth        | |  2.1

Action                   |  1- 3 |  4- 6 || total
-------------------------+-------+-------++-------
Melee: Hand axe          |   111 |   143 ||   254
  Use: Scroll            |     2 |     1 ||     3
       Potion            |       |     1 ||     1
 Stab: Sleeping          |     4 |       ||     4
  Eat: Chunk             |       |     4 ||     4
       Ration            |       |     1 ||     1
Armor: Robe              |    20 |       ||    20
       Leather armour    |    10 |       ||    10
       Scale mail        |     9 |    74 ||    83
Dodge: Dodged            |    61 |    78 ||   139
Block: Buckler           |     9 |    11 ||    20
